 Dungeon Crawl Stone Soup version 0.25.0-1-g7eea58d2a3 (webtiles) character file.

Game seed: 3305839396043990520

7903 sking99 the Geomancer (level 11, -8/97 HPs)
             Began as a Hill Orc Earth Elementalist on June 14, 2020.
             Was a Priest of Sif Muna.
             Hit by a large rock thrown by a cyclops (33 damage)
             ... on level 14 of the Dungeon.
             The game lasted 00:39:13 (15034 turns).

sking99 the Geomancer (HOEE)                       Turns: 15034, Time: 00:39:14

Health: -8/97      AC: 11    Str: 13    XL:     11   Next: 22%
Magic:  20/20      EV: 11    Int: 17    God:    Sif Muna [***...]
Gold:   626        SH:  0    Dex: 11    Spells: 11/22 levels left

rFire    . . .     SeeInvis .   v - +0 whip
rCold    . . .     Gourm    .   (no shield)
rNeg     . . .     Faith    .   u - +0 troll leather armour
rPois    +         Spirit   .   (no helmet)
rElec    .         Reflect  .   B - +1 cloak
rCorr    .         Harm     .   h - +0 pair of gloves
MR       .....                  E - +2 pair of boots
Stlth    +.........             C - amulet of regeneration
HPRegen  1.06/turn              y - ring of poison resistance
MPRegen  0.17/turn              (no ring)

@: no status effects
A: no striking features
a: Channel Magic, Forget Spell, Renounce Religion


You were on level 14 of the Dungeon.
You worshipped Sif Muna.
Sif Muna was most pleased with you.
You were not hungry.

You visited 2 branches of the dungeon, and saw 14 of its levels.
You also visited: Sewer.

You collected 626 gold pieces.

Inventory:

Hand Weapons
 v - a +0 whip (weapon)
Missiles
 q - 4 curare-tipped darts
 J - 25 stones (quivered)
Armour
 h - a +0 pair of gloves (worn)
 u - a +0 troll leather armour (worn)
 B - a +1 cloak (worn)
 E - a +2 pair of boots (worn)
Jewellery
 j - an uncursed ring of protection from fire {unknown}
 y - a ring of poison resistance (left hand)
 C - an amulet of regeneration (around neck)
 H - an uncursed amulet of reflection
Wands
 p - a wand of digging (3)
 x - a wand of polymorph (23)
 A - a wand of random effects (23)
 D - a wand of disintegration (19)
 G - a wand of flame (17)
Scrolls
 a - 4 scrolls of identify
 c - 3 scrolls of blinking
 i - 6 scrolls of teleportation {unknown}
 k - 8 scrolls of remove curse
 o - a scroll of fog {unknown}
 w - 3 scrolls of magic mapping
 K - a scroll of brand weapon {unknown}
 M - a scroll of noise {unknown}
Potions
 b - a potion of degeneration {unknown}
 e - 6 potions of curing
 f - a potion of lignification {unknown}
 g - 3 potions of resistance
 l - 3 potions of heal wounds {unknown}
 m - 5 potions of flight {unknown}
 n - 2 potions of brilliance {unknown}
 r - 2 potions of might {unknown}
 s - 2 potions of berserk rage {unknown}
 t - a potion of magic {unknown}
 z - 3 potions of stabbing {unknown}
 F - a potion of mutation {unknown}
Miscellaneous
 L - a tin of tremorstones (3/3)
Comestibles
 d - 13 rations
 I - 3 chunks of flesh


   Skills:
 + Level 9.4 Fighting
 - Level 6.1 Armour
 - Level 1.5 Dodging
 - Level 1.5 Stealth
 + Level 6.0 Spellcasting
 - Level 0.6 Transmutations
 * Level 11.5 Earth Magic
 + Level 3.9 Invocations


You had 11 spell levels left.
You knew the following spells:

 Your Spells              Type           Power        Failure   Level  Hunger
a - Sandblast             Erth           #####.       1%          1    None
b - Stone Arrow           Conj/Erth      ###...       4%          3    ##.....
c - Lee's Rapid Deconstr  Erth           #####.....   3%          5    #####..
d - Passwall              Tmut/Erth      ####....     1%          2    None

Your spell library contained the following spells:

 Spells                   Type           Power        Failure   Level  Hunger
 Petrify                  Tmut/Erth      ####....     13%         4    ####...
 Animate Skeleton         Necr           N/A          16%         1    None
 Pain                     Necr           #...         16%         1    None
 Summon Small Mammal      Summ           #...         16%         1    None
 Call Imp                 Summ           #.......     24%         2    None
 Call Canine Familiar     Summ           #.......     43%         3    ##.....
 Summon Guardian Golem    Hex/Summ       #.......     43%         3    ##.....
 Vampiric Draining        Necr           #.........   43%         3    ##.....
 Animate Dead             Necr           N/A          83%         4    ####...
 Summon Ice Beast         Ice/Summ       #.......     83%         4    ####...
 Summon Lightning Spire   Summ/Air       #.......     83%         4    ####...
 Agony                    Necr           #.......     99%         5    #####..


Dungeon Overview and Level Annotations

Branches:
Dungeon (13/15)            Temple (1/1) D:5           Sewer (visited)
   Lair: D:8-11         Orc: D:9-12      Vaults: D:13-14

Altars:
Ashenzari
Cheibriados
Dithmenos
Elyvilon
Fedhas
Gozag
Hepliaklqana
Kikubaaqudgha
Makhleb
Nemelex Xobeh
Okawaru
Qazlal
Ru
Sif Muna
Trog
Uskayaw
Vehumet
Wu Jian
Xom
Yredelemnul
Zin
The Shining One

Shops:
D:5 =

Annotations:
D:3 1 runed translucent door, Crazy Yiuf
D:7 1 runed translucent door, kaycho's ghost, amateur DsMo


Message History

The centaur warrior shoots an arrow.
The arrow hits you!
An ice beast comes into view.
The green ugly thing moves out of view.
You see here 4 arrows.
The centaur warrior shoots an arrow.
The arrow hits you.
The centaur shoots an arrow.
The arrow hits you!
The centaur shoots an arrow.
The arrow barely misses you.
The centaur shoots an arrow.
The arrow hits you!
The cyclops throws a large rock.
The large rock hits you!!
A hound comes into view.
The hound barks!
Things that are here:
a large rock; 3 arrows A cyan ugly thing comes into view.
The cyan ugly thing gurgles horribly!
The centaur warrior shoots an arrow.
The arrow hits you.
The centaur shoots an arrow.
The arrow hits you!
* * * LOW HITPOINT WARNING * * *
The centaur shoots an arrow.
The arrow hits you but does no damage.
The cyclops throws a large rock.
The large rock hits you!!
You die...

.h.... u ##+##
#C...# .#
#....####....##.##
..................
.............u....
.5..c........%....
........c.........
....c...((@.......
#.##c##Y##...####.
#.####+# Y.. ....
.....u ..u....
.........


You could see 2 ugly things, a centaur warrior, a cyclops, an ice beast, 3
centaurs and a hound.

Vanquished Creatures
  2 two-headed ogres (D:8)
  A troll (D:8)
  Prince Ribbit (D:6)
  A hornet (D:8)
  2 hippogriffs
  Sigmund (D:6)
  2 yaks
  4 hogs (D:9)
  A human (D:9)
  A hungry ghost (D:8)
  Edmund (D:4)
  2 sky beasts (D:5)
  A black bear (D:6)
  2 ice beasts
  5 orc warriors
  An ogre (D:3)
  4 phantoms
  6 centaurs
  10 bullfrogs
  4 scorpions
  2 howler monkeys (D:9)
  2 crimson imps
  A centaur zombie (D:8)
  2 bullfrog zombies
  A gnoll shaman (D:8)
  A bullfrog skeleton (D:7)
  A centaur skeleton (D:8)
  5 orc priests
  4 hounds
  9 orc wizards
  Ijyb (D:5)
  3 iguanas
  7 worker ants
  A hound skeleton (D:8)
  8 gnolls
  16 adders
  A howler monkey skeleton (D:9)
  3 shadow imps
  6 oozes (Sewer)
  2 worms
  15 leopard geckos
  31 orcs
  16 ball pythons
  7 bats
  18 giant cockroaches
  11 hobgoblins
  5 jackals (D:3)
  4 quokkas
  11 frilled lizards
  6 goblins
  10 kobolds
  A leopard gecko skeleton (D:8)
  A quokka zombie (D:6)
  6 rats
270 creatures vanquished.

Notes
Turn   | Place    | Note
-------+----------+-------------------------------------------
     0 | D:1      | sking99 the Hill Orc Earth Elementalist began the quest for
                  | the Orb.
     0 | D:1      | Reached XP level 1. HP: 14/14 MP: 3/3
   285 | D:1      | Reached skill level 1 in Fighting
   285 | D:1      | Reached XP level 2. HP: 22/23 MP: 0/4
   710 | D:1      | Reached XP level 3. HP: 28/28 MP: 2/5
   872 | D:1      | Learned a level 3 spell: Stone Arrow
  1022 | D:2      | Reached skill level 4 in Earth Magic
  1106 | D:2      | Reached XP level 4. HP: 36/36 MP: 4/6
  1949 | D:3      | Found a basalt altar of Yredelemnul.
  1955 | D:3      | Reached XP level 5. HP: 42/42 MP: 6/8
  2381 | D:3      | Found a shimmering altar of Xom.
  2924 | D:3      | Found a runed translucent door.
  2925 | D:3      | Noticed Crazy Yiuf
  3163 | D:4      | Noticed an ogre
  3189 | D:3      | Killed an ogre
  3189 | D:3      | Reached skill level 5 in Earth Magic
  3189 | D:3      | Reached XP level 6. HP: 51/51 MP: 4/9
  3318 | D:4      | Found Doeston's General Store.
  3322 | D:4      | Found an iron altar of Okawaru.
  4004 | D:4      | Noticed Edmund
  4055 | D:4      | Killed Edmund
  4055 | D:4      | Reached skill level 6 in Earth Magic
  4055 | D:4      | Reached XP level 7. HP: 59/59 MP: 0/11
  4452 | D:5      | Entered Level 5 of the Dungeon
  4452 | D:5      | Found Igy Neust's Jewellery Shop.
  4484 | D:5      | Found a snail-covered altar of Cheibriados.
  4884 | D:5      | Reached skill level 5 in Fighting
  4887 | D:5      | Reached skill level 7 in Earth Magic
  4887 | D:5      | Reached XP level 8. HP: 44/68 MP: 4/13
  4923 | D:5      | Learned a level 5 spell: Lee's Rapid Deconstruction
  5321 | D:5      | Found a staircase to the Ecumenical Temple.
  5335 | D:5      | Noticed Ijyb
  5344 | Temple   | Entered the Ecumenical Temple
  5471 | Temple   | Became a worshipper of Sif Muna the Loreminder
  5488 | D:5      | Paralysed by Ijyb for 4 turns
  5505 | D:5      | Paralysed by Ijyb for 6 turns
  5522 | D:5      | Paralysed by Ijyb for 2 turns
  5526 | D:5      | Paralysed by Ijyb for 4 turns
  5536 | D:5      | Paralysed by Ijyb for 6 turns
  5542 | D:5      | Killed Ijyb
  5867 | D:6      | Reached skill level 1 in Armour
  6381 | D:6      | Found a glowing drain.
  6390 | Sewer    | Entered a sewer
  6679 | Sewer    | Reached skill level 8 in Earth Magic
  6775 | Sewer    | Reached * piety under Sif Muna
  7708 | D:6      | Learned a level 2 spell: Passwall
  7909 | D:6      | Reached XP level 9. HP: 77/77 MP: 11/15
  8130 | D:6      | Noticed Sigmund
  8137 | D:6      | Killed Sigmund
  8137 | D:6      | Reached ** piety under Sif Muna
  8227 | D:6      | Noticed Prince Ribbit
  8238 | D:6      | Killed Prince Ribbit
  8643 | D:6      | Reached skill level 9 in Earth Magic
  9335 | D:7      | Found an ancient bone altar of Kikubaaqudgha.
  9720 | D:7      | Found a runed translucent door.
  9722 | D:7      | Noticed kaycho's ghost (amateur DsMo)
  9722 | D:7      | Noticed a gargoyle
 10520 | D:8      | Noticed a two-headed ogre
 10531 | D:8      | Killed a two-headed ogre
 10531 | D:8      | Reached skill level 5 in Armour
 10531 | D:8      | Reached skill level 5 in Spellcasting
 10531 | D:8      | Reached skill level 10 in Earth Magic
 10531 | D:8      | Reached XP level 10. HP: 76/88 MP: 6/17
 11545 | D:8      | Noticed a two-headed ogre
 11558 | D:8      | Killed a two-headed ogre
 11791 | D:8      | Identified the +7 morningstar of the Dark Horse {venom,
                  | rPois}
 11806 | D:8      | Reached *** piety under Sif Muna
 11940 | D:8      | Reached skill level 1 in Invocations
 12628 | D:9      | Reached skill level 11 in Earth Magic
 12697 | D:9      | Found a glowing silver altar of Zin.
 13105 | D:9      | Reached XP level 11. HP: 44/97 MP: 4/19
 13460 | D:9      | Found an ornate altar of the Wu Jian Council.
 13874 | D:10     | Entered Level 10 of the Dungeon
 14800 | D:10     | You fall into a shaft and drop 3 floors!
 14801 | D:13     | Noticed a skeletal warrior
 14801 | D:13     | Noticed a skeletal warrior
 14801 | D:13     | Noticed a skeletal warrior
 14802 | D:13     | Noticed a skeletal warrior
 14806 | D:13     | Noticed a skeletal warrior
 15031 | D:12     | You fall into a shaft and drop 2 floors!
 15031 | D:14     | Noticed a centaur warrior
 15031 | D:14     | Noticed a cyclops
 15032 | D:14     | Noticed a green ugly thing
 15032 | D:14     | Noticed a green ugly thing
 15032 | D:14     | Noticed a cyan ugly thing
 15034 | D:14     | Noticed a cyan ugly thing
 15034 | D:14     | Hit by a large rock thrown by a cyclops

Illustrated notes

Levels and vault maps discovered:
D:1:      dpeg_arrival_tiny_a, layout_rooms, serial_bayou_lagoon_a
D:2:      layout_rooms, first_ration
D:3:      layout_loops_corners, tgw_xom, yredelemnul_altar_generic,
          uniq_crazy_yiuf_cottage
D:4:      layout_basic, okawaru_gym_becter, serial_shops, shop_fountains,
          uniq_edmund
D:5:      layout_loops_ring, minmay_temple_entry_arrows, basic_altar,
          serial_shops, shop, uniq_ijyb
D:6:      layout_loops_ring, portal_sewer_entry_c, minmay_misc_feat_iff,
          skrybe_limestone_x, uniq_prince_ribbit1, uniq_sigmund
D:7:      layout_rooms, old_standard_altar, ebering_ghost_inner_flame
D:8:      layout_basic
D:9:      layout_cave_pools, zin_academy, nicolae_overflow_hidden_temple,
          grunt_livestock
D:10:     lemuel_troll_bridge, layout_long_grid
D:12:     layout_loops_ring, david_orc_2
D:13:     layout_loops_ring, serial_bayou_pond_d
D:14:     layout_gridville, grunt_vaults_entry_tiered, hangedman_decor_riveting,
          uniq_kirke, uniq_roxanne, uniq_agnes
Temple:   eino_temple_rhombus

Skill      XL: |  1  2  3  4  5  6  7  8  9 10 11 |
---------------+----------------------------------+-----
Fighting       | 1 2 3 4 5 6 8 9 |  9.4
Earth Magic    | 4 5 6 7 8 10 11 | 11.5
Spellcasting   | 2 3 4 5 6 |  6.0
Armour         | 3 5 6 |  6.1
Invocations    | 2 3 |  3.9
Dodging        | |  1.5
Stealth        | |  1.5
Transmutations | |  0.6

Action                   |  1- 3 |  4- 6 |  7- 9 | 10-12 || total
-------------------------+-------+-------+-------+-------++-------
Melee: Unarmed           |    22 |       |       |       ||    22
       Whip              |       |     7 |   122 |   218 ||   347
 Cast: Sandblast         |    40 |   105 |   142 |    12 ||   299
       Stone Arrow       |       |     4 |   119 |    98 ||   221
       Lee's Rapid Decon |       |       |     1 |    24 ||    25
  Use: Scroll            |       |     9 |     1 |       ||    10
  Eat: Chunk             |     1 |    11 |    24 |    17 ||    53
       Ration            |       |       |     2 |     4 ||     6
Armor: Robe              |     3 |     1 |       |       ||     4
       Troll leather arm |       |    16 |   127 |   193 ||   336
Dodge: Dodged            |    10 |    36 |   144 |   223 ||   413
